 Dungeon Crawl Stone Soup version 0.30-a0-691-g754fce4c43 (webtiles) character file.

Game seed: 5308162691223771474

105 funkygono the Firebug (level 4, -6/30 HPs)
             Began as a Demonspawn Fire Elementalist on Jan 19, 2023.
             Mangled by Terence
             ... wielding a +0 flail
              (7 damage)
             ... on level 3 of the Dungeon.
             The game lasted 00:02:56 (2456 turns).

funkygono the Firebug (DsFE)                        Turns: 2456, Time: 00:02:56

Health: -6/30      AC:  9    Str:  8    XL:     4   Next: 53%
Magic:  1/8        EV: 12    Int: 19    God:
Gold:   81         SH:  0    Dex: 13    Spells: 3/9 levels left

rFire   . . .      SeeInvis .    n - +0 whip
rCold   . . .      Faith    .    (no shield)
rNeg    . . .      Spirit   .    a - +0 robe
rPois   .          Reflect  .    (helmet restricted)
rElec   .          Harm     .    q - +0 cloak
rCorr   .          Rampage  .    (no gloves)
Will    .....                    (no boots)
Stlth   ++                       (no amulet)
HPRegen 0.25/turn                (no ring)
MPRegen 0.11/turn                (no ring)

@: sanguine armoured
A: horns 1, sanguine armour 1, demonic magic 1
a: no special abilities


You were on level 3 of the Dungeon.
You visited 1 branch of the dungeon, and saw 3 of its levels.

You collected 81 gold pieces.

Inventory:

Hand Weapons
 n - a +0 whip (weapon)
 p - a +4 quarterstaff of chaos
Armour
 a - a +0 robe (worn)
 j - a +0 leather armour
 o - a scarf of harm
 q - a +0 cloak (worn)
Magical Staves
 c - a staff of earth
Scrolls
 d - a scroll of fear {unknown}
 e - a scroll of blinking {unknown}
 f - a scroll of teleportation {unknown}
 g - 2 scrolls of noise {unknown}
 k - 3 scrolls of identify {unknown}
 m - a scroll of magic mapping {unknown}
Potions
 b - a potion of magic
 h - 2 potions of curing {unknown}
 i - a potion of brilliance {unknown}
 l - a potion of invisibility {unknown}


   Skills:
 + Level 2.1 Dodging
 - Level 1.7 Stealth
 + Level 3.0 Spellcasting
 + Level 2.0 Conjurations
 + Level 3.6 Fire Magic


You had 3 spell levels left.
You knew the following spells:

 Your Spells              Type           Power      Damage    Failure   Level
a - Foxfire               Conj/Fire      52%        2x1d6     4%          1
b - Scorch                Fire           32%        2d6       4%          2
c - Kindle Blastsparks    Fire/Tloc/Air  14%        2d11      28%         3

Your spell library contained the following spells:

 Spells                   Type           Power      Damage    Failure   Level
 Summon Small Mammal      Summ           8%         N/A       16%         1
 Inner Flame              Hex/Fire       9%         N/A       22%         3
 Call Canine Familiar     Summ           2%         N/A       41%         3
 Summon Guardian Golem    Hex/Summ       2%         N/A       41%         3
 Flame Wave               Conj/Fire      13%        2d6       43%         4


Dungeon Overview and Level Annotations

Branches:
Dungeon (3/15)

Altars:

Annotations:
D:3 Terence


Innate Abilities, Weirdness & Mutations

You have a pair of small horns on your head.
When seriously injured, your blood forms armour. (AC +6)
Spells you cast may paralyse adjacent enemies.


Message History

Unknown command.
Casting: Foxfire (safe; 4% risk of failure)
Confirm with . or Enter, or press ? or * to list all spells.
You conjure some foxfire!
Malevolent energies surge around you. Terence barely misses you.
Your foxfire dissipates!
Terence attacks as you move away! Terence closely misses you.
Terence attacks as you move away! Terence hits you but does no damage.
Terence attacks as you move away! Terence hits you but does no damage.
Terence says, "You're history."
Casting: Foxfire (safe; 4% risk of failure)
Confirm with . or Enter, or press ? or * to list all spells.
You conjure some foxfire!
Malevolent energies surge around you.
Terence suddenly stops moving!
The helpless Terence fails to defend himself.
You hit Terence. You headbutt Terence.
Terence is heavily wounded.
The foxfire hits Terence.
Terence is heavily wounded.
The foxfire hits Terence.
Terence is heavily wounded.
The helpless Terence fails to defend himself.
You hit Terence.
Terence is severely wounded.
The helpless Terence fails to defend himself.
You hit Terence but do no damage.
Terence is severely wounded.
The helpless Terence fails to defend himself.
You hit Terence.
Terence is almost dead.
Terence is no longer paralysed.
Terence hits you with a +0 flail.
* * * LOW HITPOINT WARNING * * *
You barely miss Terence. You headbutt Terence, but do no damage.
Terence is almost dead.
Terence hits you with a +0 flail.
* * * LOW HITPOINT WARNING * * *
You hit Terence but do no damage.
Terence is almost dead.
Terence hits you with a +0 flail!
You die...

#.# #..# ..##########)#
######.# ...........†.#
#......# ###.....####
######.#
##....##.##....#####.###.#
##..####...####..##...#†#.#
.........#..........##.##.#
..####..###..####...#.###.#
#........#.@@.....##.## #.#
#...####...####...#.## #.#
.## ##.## #..##.######.#
#...# ####.#.......# ##.##
#########.# ... #.# .8. #.#
#...# #.# ..8.. #.#


You could see Terence.

Vanquished Creatures
  Crazy Yiuf (D:2)
  2 adders (D:2)
  3 worms (D:2)
  A dart slug (D:1)
  2 orcs (D:3)
  4 bats
  5 endoplasms
  A giant cockroach (D:1)
  5 goblins
  6 hobgoblins
  2 jackals (D:1)
  3 kobolds
  A quokka (D:1)
  2 ball pythons
  3 frilled lizards (D:1)
  3 rats
44 creatures vanquished.

Vanquished Creatures (others)
  128 foxfires
128 creatures vanquished.

Grand Total: 172 creatures vanquished

Notes
Turn   | Place    | Note
-------+----------+-------------------------------------------
     0 | D:1      | funkygono the Demonspawn Fire Elementalist began the quest
                  | for the Orb.
     0 | D:1      | Reached XP level 1. HP: 13/13 MP: 3/3
   372 | D:1      | Gained mutation: You have a pair of small horns on your
                  | head. [demonic ancestry]
   372 | D:1      | Reached XP level 2. HP: 19/19 MP: 1/5
   521 | D:1      | Learned a level 2 spell: Scorch
   778 | D:1      | Gained mutation: When seriously injured, your blood forms
                  | armour. (AC +6) [demonic ancestry]
   778 | D:1      | Reached XP level 3. HP: 24/24 MP: 0/6
  1788 | D:2      | Found a faded altar of an unknown god.
  1879 | D:2      | Found a runed translucent door.
  1880 | D:2      | Noticed Crazy Yiuf
  2039 | D:2      | Gained mutation: Spells you cast may paralyse adjacent
                  | enemies. [demonic ancestry]
  2039 | D:2      | Reached XP level 4. HP: 30/30 MP: 3/8
  2043 | D:2      | Learned a level 3 spell: Kindle Blastsparks
  2232 | D:2      | Killed Crazy Yiuf
  2413 | D:3      | Noticed Terence
  2455 | D:3      | HP: 1/30 [Terence/+0 flail (4)]
  2456 | D:3      | Mangled by Terence

Illustrated notes

Levels and vault maps discovered:
D:1:      enne_arrival_octagon_isle, layout_basic, minmay_split_cup_small
D:2:      layout_loops_ring, shapermc_ecumenical_altar_venn, grunt_ministairs_5,
          roderic_serpentine_path, uniq_crazy_yiuf_cottage
D:3:      wad_crossroads, layout_basic, gammafunk_ghost_arena,
          serial_corexii_hall, chequers_hall_statues_wall_a,
          corexii_hall_statues_t, corexii_hall_statues_u, uniq_terence

Skill      XL: |  1  2  3  4 |
---------------+-------------+-----
Dodging        | 2 |  2.1
Fire Magic     | 3 |  3.6
Spellcasting   | 3 |  3.0
Conjurations   | 2 |  2.0
Stealth        | |  1.7

Action                   |  1- 3 |  4- 6 || total
-------------------------+-------+-------++-------
Melee: Staff             |     1 |       ||     1
       Whip              |       |     6 ||     6
       Headbutt          |       |     2 ||     2
 Cast: Foxfire           |    64 |    12 ||    76
       Scorch            |     3 |     5 ||     8
 Stab: Paralysed         |       |     4 ||     4
Armor: Robe              |     3 |     2 ||     5
Dodge: Dodged            |    10 |     3 ||    13

Table legend: (Time is in decaauts)
 A = Elapsed time spent in this place.
 B = Non-inter-level travel time spent in this place.
 C = Inter-level travel time spent in this place.
 D = Time resting spent in this place.
 E = Time spent auto-exploring this place.
 F = Levels seen in this place.
 G = Mean time per level.
                   A        B        C        D        E       F      G
               +--------+--------+--------+--------+--------+-----+--------+
         Total |   2455 |   2395 |     60 |      0 |   2034 |   3 |  818.3 |
       Dungeon |   2455 |   2395 |     60 |      0 |   2034 |   3 |  818.3 |
               +--------+--------+--------+--------+--------+-----+--------+

Top non-repeatable levels by time:
     D:2: 1205 daAuts
     D:1: 1114 daAuts
     D:3: 136 daAuts
